 Dungeon Crawl Stone Soup version 0.28.0 (webtiles) character file.

Game seed: 6024337941035972358

221422 HallandMoats the Demonic Cataclysm (level 18, -4/151 HPs)
             Began as a Demonspawn Fighter on Feb 13, 2022.
             Was a High Priest of Qazlal.
             Slain by a vault guard (23 damage)
             ... led by a vault warden
             ... on level 2 of the Vaults.
             The game lasted 01:11:50 (42366 turns).

HallandMoats the Demonic Cataclysm (DsFi)          Turns: 42366, Time: 01:11:51

Health: -4/151     AC: 19    Str: 22    XL:     18   Next: 50%
Magic:  0/31       EV: 14    Int: 13    God:    Qazlal [*****.]
Gold:   817        SH: 33    Dex: 27    Spells: 17/17 levels left

rFire   + . .      SeeInvis +   a - +3 war axe (elec)
rCold   + . .      Faith    .   S - +0 tower shield {rC+}
rNeg    . . .      Spirit   +   P - +5 chain mail "Tukh" {rElec rF+ rCorr Dex+3}
rPois   +          Reflect  +   (helmet restricted)
rElec   +          Harm     .   (cloak unavailable)
rCorr   +          Rampage  .   (no gloves)
Will    +....                   (no boots)
Stlth   ..........              o - amulet "Haof" {Reflect Dex+6 Slay+4 SH+5 SInv}
HPRegen 0.35/turn               G - +6 ring of dexterity
MPRegen 0.44/turn               B - ring of poison resistance

@: about to teleport, protected from physical damage, repel missiles
A: antennae 2, spiny 2, magic shield, magic regeneration, magic link, weakness
stinger 3, demonic touch 2
}: 1/15 runes: decaying
a: Renounce Religion, Upheaval, Elemental Force, Disaster Area


You were on level 2 of the Vaults.
You worshipped Qazlal.
Qazlal was extremely pleased with you.
You visited 7 branches of the dungeon, and saw 31 of its levels.
You visited 1 bazaar.
You also visited: Sewer, Bailey and Ice Cave.

You collected 3027 gold pieces.
You spent 2210 gold pieces at shops.

Inventory:

Hand Weapons
 a - a +3 war axe of electrocution (weapon)
 b - the +9 mace "Jutequit" {drain, Will+}
   (You took it off a skeletal warrior on level 13 of the Dungeon)

   A truly terrible weapon, it drains the life of any living foe it strikes.
   Will:      It increases your willpower.
 h - the +3 trident of Quoqopn {vorpal, rElec Str-2 Stlth+}
   (You bought it in a shop on level 9 of the Dungeon)

   It inflicts extra damage upon your enemies.
   Str:       It affects your strength (-2).
   rElec:     It insulates you from electricity.
   Stlth:     It makes you more stealthy.
 L - the +2 spear "Gafoka" {flame, +Blink Str+4 Int-5 Stlth+}
   (You found it on level 3 of the Dungeon)

   It burns those it strikes, dealing additional fire damage.
   Str:       It affects your strength (+4).
   Int:       It affects your intelligence (-5).
   +Blink:    It lets you blink.
   Stlth:     It makes you more stealthy.
Missiles
 r - 3 throwing nets (quivered)
Armour
 P - the +5 chain mail "Tukh" (worn) {rElec rF+ rCorr Dex+3}
   (You bought it in a shop in a bazaar)

   Dex:       It affects your dexterity (+3).
   rF:        It protects you from fire.
   rElec:     It insulates you from electricity.
   rCorr:     It protects you from acid and corrosion.
 S - a +0 tower shield of cold resistance (worn)
 V - the +4 chain mail of Liberalism {+Blink rCorr MP+9 Str+2 Int-4}
   (You found it on level 3 of the Lair of Beasts)

   Str:       It affects your strength (+2).
   Int:       It affects your intelligence (-4).
   MP:        It affects your magic capacity (+9).
   +Blink:    It lets you blink.
   rCorr:     It protects you from acid and corrosion.
Jewellery
 c - the ring "Ogroruass" {Fire *Slow Int+8 Dex+5 Slay-3}
   (You found it on level 1 of the Swamp)

   [ring of fire]

   It enhances your fire magic.
   Int:       It affects your intelligence (+8).
   Dex:       It affects your dexterity (+5).
   Slay:      It affects your accuracy & damage with ranged weapons and melee
   (-3).
   rF:        It protects you from fire.
   rC:        It makes you vulnerable to cold.
   *Slow:     It may slow you when you take damage.
 i - a ring of fire
 o - the amulet "Haof" (around neck) {Reflect Dex+6 Slay+4 SH+5 SInv}
   (You acquired it on level 6 of the Lair of Beasts)

   [amulet of reflection]

   It reflects blocked missile attacks.
   Dex:       It affects your dexterity (+6).
   Slay:      It affects your accuracy & damage with ranged weapons and melee
   (+4).
   SInv:      It lets you see invisible.
   SH:        It affects your SH (+5).
 s - a ring of wizardry
 B - a ring of poison resistance (right hand)
 C - a ring of protection from cold
 G - a +6 ring of dexterity (left hand)
 M - the amulet "Limopn" {Faith rF++ Regen+ rCorr Dex-2}
   (You took it off a necromancer on level 6 of the Lair of Beasts)

   [amulet of faith]

   It allows you to gain divine favour quickly.
   Dex:       It affects your dexterity (-2).
   rF:        It greatly protects you from fire.
   Regen:     It increases your rate of health regeneration.
   rCorr:     It protects you from acid and corrosion.
 O - a ring of ice
Wands
 f - a wand of digging (17)
 A - a wand of iceblast (17)
 I - a wand of mindburst (20)
 T - a wand of acid (10)
Scrolls
 g - 10 scrolls of teleportation
 j - a scroll of magic mapping
 m - 6 scrolls of amnesia
 q - 6 scrolls of fog
 t - 4 scrolls of fear
 y - 5 scrolls of enchant armour
 z - 7 scrolls of enchant weapon
 F - 2 scrolls of silence
 N - a scroll of summoning
 Q - a scroll of brand weapon
Potions
 d - 3 potions of mutation
 e - 9 potions of curing
 k - 5 potions of lignification
 l - 3 potions of cancellation
 n - a potion of invisibility
 p - 4 potions of resistance
 u - 4 potions of brilliance
 v - 2 potions of berserk rage
 w - 7 potions of flight
 x - 9 potions of heal wounds
 D - a potion of haste
 E - 10 potions of might
 H - 3 potions of magic
 K - 3 potions of ambrosia
Miscellaneous
 J - a condenser vane


   Skills:
 * Level 15.9 Fighting
 * Level 12.5 Axes
 + Level 10.7 Armour
 + Level 10.3 Dodging
 * Level 12.4 Shields
 + Level 13.0 Unarmed Combat
 + Level 18.0 Invocations


You had 17 spell levels left.
You didn't know any spells.
Your spell library contained the following spells:

 Spells                   Type           Power      Damage    Failure   Level
 Animate Skeleton         Necr           0%         N/A       100%        1
 Apportation              Tloc           0%         N/A       100%        1
 Freeze                   Ice            0%         1d3       100%        1
 Pain                     Necr           0%         1d4       100%        1
 Summon Small Mammal      Summ           0%         N/A       100%        1
 Conjure Flame            Conj/Fire      0%         6-21      100%        3
 Dazzling Flash           Conj/Hex       0%         N/A       100%        3
 Frozen Ramparts          Ice            0%         1d2       100%        3
 Gell's Gravitas          Tloc           0%         N/A       100%        3
 Ignite Poison            Fire/Tmut/Pois 0%         N/A       100%        3
 Lesser Beckoning         Tloc           0%         N/A       100%        3
 Spider Form              Tmut/Pois      0%         N/A       100%        3
 Teleport Other           Tloc           0%         N/A       100%        3
 Airstrike                Air            0%         N/A       100%        4
 Hailstorm                Conj/Ice       0%         3d3       100%        4
 Iskenderun's Mystic Bla  Conj/Tloc      0%         2d3       100%        4
 Sticky Flame             Conj/Fire      0%         2d3       100%        4
 Summon Lightning Spire   Summ/Air       0%         N/A       100%        4
 Alistair's Intoxication  Tmut/Pois      0%         N/A       100%        5
 Irradiate                Conj/Tmut      0%         3d13      100%        5
 Lightning Bolt           Conj/Air       0%         1d11      100%        5
 Starburst                Conj/Fire      0%         6d3       100%        6
 Orb of Destruction       Conj           0%         9d5       100%        7


Dungeon Overview and Level Annotations

Branches:
Dungeon (15/15)            Temple (0/1) D:5            Lair (6/6) D:10
  Swamp (4/4) Lair:3        Snake (1/4) Lair:2        Slime (0/5) Lair:5
    Orc (2/2) D:11            Elf (0/3) Orc:2        Vaults (2/5) D:14
 Depths (1/4) D:15          Sewer (visited)          Bailey (visited)
  IceCv (visited)
  Crypt: Vaults:2-3

Altars:
Cheibriados
Fedhas
Gozag
Makhleb
Qazlal
Sif Muna
Yredelemnul
Zin
The Shining One

Shops:
D:7 (   D:9 *==?(   D:15 *   Orc:2 *[**(   Snake:1 :

Portals:
Hell: Depths:1

Annotations:
Lair:6 exclusion: obsidian statue


Innate Abilities, Weirdness & Mutations

You have a pair of antennae on your head.
You are mostly covered in sharp spines.
When hurt, damage is shared between your health and your magic reserves.
You regenerate magic rapidly.
When low on magic, you restore magic in place of health.
You have a sharp stinger which inflicts weakening toxins.
Your touch may inflict irresistible damage on your foes.


Message History

Press: ? - help, Dir - look around, f - activate Nature churns violently around you!
The blast of magma engulfs the ironbound convoker!!!
You kill the ironbound convoker!
Qazlal accepts your kill.
The blast of magma engulfs the iron troll!!!
The iron troll partially resists.
The iron troll is heavily wounded.
You block the centaur warrior's attack. x4
The ironbound convoker hits you with a +0 great mace of protection!!
You feel more protected from physical attacks.
You block the vault guard's attack. You block the centaur warrior's attack.
The centaur warrior kicks you but does no damage.
You block the deep troll earth mage's attack.
The deep troll earth mage claws you!
* * * LOW HITPOINT WARNING * * *
The deep troll earth mage claws you but does no damage.
Unknown command.
Unknown command.
Unknown command.
Unknown command.
Unknown command.
Unknown command.
Unknown command.
Unknown command.
Unknown command.
Unknown command.
Unknown command.
Unknown command.
Unknown command.
Okay, then.
As you read the scroll of teleportation, it crumbles to dust.
You feel strangely unstable.
You block the centaur warrior's attack. x3
The centaur warrior completely misses you.
You block the centaur warrior's attack.
The centaur warrior kicks you but does no damage.
The ironbound convoker hits you with a +0 great mace of protection!!
* * * LOW HITPOINT WARNING * * *
The vault guard hits you with a +0 war axe!!
You die...

##+#######+##
#≈≈....§.§..# ..
#≈≈≈≈.§§....#§..
#≈≈≈§§)))§)≈#§).
+≈.≈≈..<§)≈≈'§..
#.≈≈≈>))§.†?#..
#≈.≈..°.CT☼.#
#..≈...ccpT≈#
#.≈...§°@p≈≈#
#####+##T##+#
..§ .≈≈§≈
.≈≈≈≈≈.
#..≈.....
#...≈≈....
#.§.......#


You could see an iron troll, a vault guard (strong), an ettin, 2 centaur
warriors, an ironbound convoker (strong) and 2 deep troll earth magi.

Vanquished Creatures
  Rupert (Orc:2)
  Kirke (Swamp:4)
  2 vault wardens
  A balrug (Depths:1)
  2 ghouls (Swamp:3)
  3 ironbound preservers
  5 very ugly things
  3 stone giants (Depths:1)
  4 eleionomae
  A deep elf demonologist (Vaults:2)
  6 bunyips
  Azrael (D:14)
  2 entropy weavers (Vaults:1)
  7 dire elephants
  2 green deaths (Swamp:4)
  An ettin (shapeshifter) (D:15)
  2 fire dragons (Depths:1)
  2 ettins (Depths:1)
  5 yaktaur captains
  2 rakshasas (Depths:1)
  5 great orbs of eyes
  4 catoblepae
  2 spriggan air magi (Depths:1)
  Fannar (D:11)
  3 ghost crabs
  2 naga warriors (Snake:1)
  3 boulder beetles
  A hydra (shapeshifter) (Depths:1)
  6 ironbound frosthearts
  14 hydras
  A hell beast (Swamp:4)
  7 centaur warriors
  The ghost of diblex the Basher, a novice MiFi of the Shining One (D:9)
  A death knight (D:14)
  5 anacondas (Snake:1)
  3 two-headed ogres
  5 alligators
  4 orc high priests
  15 death yaks
  A naga sharpshooter (Snake:1)
  4 tengu warriors
  A spectral dire elephant (Lair:6)
  2 spriggan berserkers
  A deep troll earth mage (Depths:1)
  3 thrashing horrors (Swamp:4)
  A sun demon (Depths:1)
  2 shock serpents (Snake:1)
  Sonja (D:11)
  2 spectral death yaks (Lair:6)
  10 deep trolls
  9 skeletal warriors
  An iron troll (Depths:1)
  3 goliath frogs
  A spectral anaconda (Lair:6)
  2 death drakes
  3 glowing orange brains
  A naga ritualist (Snake:1)
  7 bog bodies
  2 spriggan druids
  6 lindwurms
  9 swamp dragons
  Pikel (D:7)
  An orc knight (D:14)
  5 wizards
  A mana viper (Snake:1)
  2 deep elf pyromancers (D:13)
  4 ironbound convokers
  4 cyclopes
  3 necromancers (Lair:6)
  2 manticores
  28 ugly things
  3 oklob plants (Lair:5)
  A wolf spider (Lair:6)
  2 will-o-the-wisps (Swamp:4)
  3 salamanders (Snake:1)
  12 black mambas
  6 vault sentinels
  14 elephants
  6 naga magi (Snake:1)
  A smoke demon (Depths:1)
  An ice statue (IceCv)
  3 orange demons (Swamp:4)
  2 kobold demonologists
  Joseph (D:7)
  11 cane toads
  2 rime drakes
  18 yaktaurs
  A freezing wraith (D:14)
  6 komodo dragons
  2 tengu conjurers
  A meliai (shapeshifter) (D:13)
  A komodo dragon (shapeshifter) (D:15)
  A queen bee (D:9)
  15 polar bears
  5 trolls
  6 tyrant leeches
  A large abomination (Swamp:4)
  A spectral elephant (Lair:6)
  Prince Ribbit (D:7)
  27 slime creatures
  18 dream sheep
  5 hornets
  Grinder (D:5)
  18 blink frogs
  5 spriggans
  A centaur simulacrum (D:14)
  A vampire (D:14)
  7 wraiths
  4 wyverns
  6 fire elementals (D:14)
  A shadow (Swamp:4)
  A dire elephant simulacrum (Lair:6)
  A human (shapeshifter) (D:14)
  4 basilisks
  71 yaks
  Eustachio (D:4)
  2 hogs (Swamp:4)
  A human (Swamp:4)
  3 redbacks (Vaults:1)
  A steam dragon (D:7)
  Menkaure (D:5)
  A death yak simulacrum (Lair:6)
  7 vampire mosquitoes
  9 nagas
  2 wargs (Orc:2)
  A spectral cane toad (Lair:6)
  3 acid dragons
  13 swamp worms
  4 swamp drakes
  15 water moccasins
  2 hell hounds (D:14)
  20 orc warriors
  Duvessa (D:4)
  2 elephant zombies (Lair:6)
  A black bear (Lair:1)
  An ice beast (D:7)
  A hornet zombie (D:8)
  2 necrophages
  An elephant skeleton (Lair:6)
  3 boggarts
  23 wolves
  5 centaurs
  4 ogres
  3 kobold brigands
  Blork the orc (D:6)
  3 gnoll sergeants
  12 bullfrogs
  A scorpion (D:4)
  A cane toad simulacrum (Lair:6)
  Dowan (D:4)
  20 killer bees
  4 howler monkeys
  5 elephant simulacra (Lair:6)
  5 electric eels
  5 centaur zombies
  A bullfrog skeleton (D:5)
  16 orc priests
  A gnoll shaman (D:5)
  3 hounds
  A centaur skeleton (D:6)
  Ijyb (D:5)
  3 iguanas
  19 orc wizards
  A hell rat (Sewer)
  A hound skeleton (D:5)
  3 howler monkey zombies
  Robin (D:2)
  16 gnolls
  A howler monkey skeleton (D:6)
  4 adders
  3 river rats (Sewer)
  11 white imps
  2 adder skeletons (D:5)
  A worm (D:13)
  3 dart slugs
  67 orcs
  5 bats
  9 endoplasms
  5 giant cockroaches
  20 goblins
  10 hobgoblins
  3 jackals (D:1)
  29 kobolds
  7 quokkas
  3 training dummies (D:7)
  6 ball pythons
  2 frilled lizards
  A quokka skeleton (D:4)
  9 rats
1016 creatures vanquished.

Vanquished Creatures (collateral kills)
  2 hydras
  A catoblepas (Lair:6)
  A two-headed ogre (D:11)
  A death yak (Lair:6)
  A skeletal warrior (D:12)
  An orc sorcerer (Orc:2)
  A komodo dragon (D:11)
  A polar bear (Lair:1)
  A howler monkey (D:12)
  2 orc priests (Orc:2)
  2 white imps (D:12)
14 creatures vanquished.

Vanquished Creatures (others)
  2 rakshasas
  A goliath frog (Swamp:2)
  A wizard (D:15)
  A will-o-the-wisp (Swamp:3)
  2 black mambas
  A naga mage (Snake:1)
  An orange demon (Swamp:4)
  A bloated husk (Swamp:2)
  A swamp drake (Swamp:2)
  8 foxfires
  46 fungi
  55 plants
  33 withered plants (Lair:6)
153 creatures vanquished.

Grand Total: 1183 creatures vanquished

Notes
Turn   | Place    | Note
-------+----------+-------------------------------------------
     0 | D:1      | HallandMoats the Demonspawn Fighter began the quest for the
                  | Orb.
     0 | D:1      | Reached XP level 1. HP: 18/18 MP: 1/1
     2 | D:1      | Noticed a gargoyle
     4 | D:1      | Noticed an ogre
     4 | D:1      | Noticed a vampire
     6 | D:1      | Noticed a felid
     9 | D:1      | Noticed an elf
    11 | D:1      | Noticed a draconian
    13 | D:1      | Noticed a spriggan
    13 | D:1      | Noticed a demigod
    15 | D:1      | Noticed a ghoul
    15 | D:1      | Noticed a human
    17 | D:1      | Noticed a minotaur
    19 | D:1      | Noticed a vine stalker
    19 | D:1      | Noticed an octopode
    21 | D:1      | Noticed a tengu
    21 | D:1      | Noticed a naga
    23 | D:1      | Noticed a troll
    23 | D:1      | Noticed a demonspawn
    25 | D:1      | Noticed a merfolk
    25 | D:1      | Noticed a dwarf
    27 | D:1      | Noticed a formicid
    92 | D:1      | Discovered your monstrous ancestry.
    92 | D:1      | Gained mutation: You have a small tail. [demonic ancestry]
    92 | D:1      | Reached XP level 2. HP: 12/24 MP: 2/2
   242 | D:1      | Reached skill level 1 in Invocations
   621 | D:1      | Gained mutation: You regenerate magic rapidly. [demonic
                  | ancestry]
   621 | D:1      | Reached XP level 3. HP: 29/29 MP: 4/4
   756 | D:2      | Noticed Robin
   776 | D:2      | Killed Robin
   793 | D:2      | Found a faded altar of an unknown god.
   807 | D:2      | Prayed at the altar of an unknown god.
   807 | D:2      | Became a worshipper of Qazlal Stormbringer
   807 | D:2      | Reached * piety under Qazlal
   996 | D:2      | Reached skill level 1 in Dodging
  1052 | D:2      | Gained mutation: When hurt, damage is shared between your
                  | health and your magic reserves. [demonic ancestry]
  1052 | D:2      | Reached XP level 4. HP: 34/35 MP: 5/5
  1069 | D:2      | Reached skill level 2 in Invocations
  1411 | D:2      | Identified the +1 ring mail of Cotupp {Str+5}
  1675 | D:3      | Identified the +2 spear "Gafoka" {flame, +Blink Str+4 Int-5
                  | Stlth+}
  1867 | D:3      | Found a burning altar of Makhleb.
  1986 | D:3      | Reached XP level 5. HP: 4/42 MP: 1/6
  2011 | D:3      | HP: 1/42 [orc (2)]
  2664 | D:4      | Found a basalt altar of Yredelemnul.
  2672 | D:4      | Reached skill level 3 in Invocations
  2672 | D:4      | Reached ** piety under Qazlal
  2861 | D:4      | Reached XP level 6. HP: 48/48 MP: 8/8
  2912 | D:4      | Noticed Dowan
  2939 | D:4      | Noticed Duvessa
  3225 | D:4      | Killed Duvessa
  3228 | D:4      | Killed Dowan
  3702 | D:5      | Entered Level 5 of the Dungeon
  3702 | D:5      | Noticed Eustachio
  3708 | D:4      | Reached skill level 4 in Invocations
  3746 | D:4      | Killed Eustachio
  3747 | D:4      | Gained mutation: Your touch may inflict minor irresistible
                  | damage on your foes. [demonic ancestry]
  3747 | D:4      | Reached XP level 7. HP: 12/55 MP: 3/10
  4220 | D:5      | Noticed Menkaure
  4225 | D:5      | Killed Menkaure
  4277 | D:5      | Reached skill level 5 in Fighting
  4277 | D:5      | Reached skill level 1 in Unarmed Combat
  4297 | D:5      | HP: 1/56 [gnoll (4)]
  4309 | D:5      | HP: 2/56 [gnoll (5)]
  4435 | D:6      | Noticed Blork the orc
  4442 | D:6      | Killed Blork the orc
  4443 | D:6      | Reached skill level 5 in Invocations
  4457 | D:6      | Noticed a two-headed ogre
  4464 | D:6      | Killed a two-headed ogre
  4465 | D:6      | Reached skill level 6 in Invocations
  4465 | D:6      | Gained mutation: When low on magic, you restore magic in
                  | place of health. [demonic ancestry]
  4465 | D:6      | Reached XP level 8. HP: 22/64 MP: 1/12
  4776 | D:6      | Found a glowing drain.
  4792 | Sewer    | Entered a sewer
  5727 | D:5      | Noticed Ijyb
  5736 | D:5      | Found a shimmering blue altar of Sif Muna.
  5747 | D:5      | Killed Ijyb
  5754 | D:5      | Noticed Grinder
  5757 | D:5      | Found a snail-covered altar of Cheibriados.
  5761 | D:5      | Paralysed by Grinder for 3 turns
  5769 | D:5      | Killed Grinder
  5770 | D:5      | Gained mutation: You are partially covered in sharp spines.
                  | [demonic ancestry]
  5770 | D:5      | Reached XP level 9. HP: 35/69 MP: 9/14
  5812 | D:5      | Found a stormy altar of Qazlal.
  6010 | D:5      | Found a staircase to the Ecumenical Temple.
  6412 | D:7      | Noticed Joseph
  6426 | D:6      | Reached skill level 7 in Invocations
  6470 | D:7      | Killed Joseph
  6512 | D:7      | Found Rijuawuk's Firing Range.
  6524 | D:7      | Reached *** piety under Qazlal
  6625 | D:7      | Noticed Prince Ribbit
  6633 | D:7      | Killed Prince Ribbit
  6667 | D:7      | Noticed Pikel
  6674 | D:7      | Killed Pikel
  6881 | D:7      | Reached skill level 5 in Shields
  6881 | D:7      | Reached skill level 8 in Invocations
  7508 | D:7      | Got the Incunabulum of Harmful Darkness
  7639 | D:8      | Reached skill level 5 in Axes
  7927 | D:8      | Reached skill level 5 in Armour
  7927 | D:8      | Gained mutation: You have a pair of small antennae on your
                  | head. [demonic ancestry]
  7927 | D:8      | Reached XP level 10. HP: 79/79 MP: 16/16
  8458 | D:9      | Found Noledoor's Antique Weapon Emporium.
  8466 | D:9      | Bought a scorched trident for 204 gold pieces
  8466 | D:9      | Identified the +3 trident of Quoqopn {vorpal, rElec Str-2
                  | Stlth+} (You bought it in a shop on level 9 of the Dungeon)
  8495 | D:9      | Found Igi Jiu's Jewellery Boutique.
  8525 | D:9      | Reached skill level 5 in Unarmed Combat
  8531 | D:9      | Found Nutept's General Store.
  8555 | D:9      | Bought a potion of curing for 42 gold pieces
  8555 | D:9      | Bought 3 scrolls of teleportation for 126 gold pieces
  8558 | D:9      | Found a flagged portal.
  8572 | Bailey   | Entered a bailey
  8592 | Bailey   | Reached **** piety under Qazlal
  8972 | D:9      | Found Gaoviuj's Jewellery Shoppe.
  9012 | D:9      | Reached skill level 9 in Invocations
  9036 | D:9      | Found a transporter.
  9041 | D:9      | Found a transporter.
  9041 | D:9      | Noticed diblex's ghost (novice MiFi)
  9125 | D:9      | Found Ridos's Magic Scroll Emporium.
  9133 | D:9      | Bought a scroll of identify for 26 gold pieces
  9133 | D:9      | Bought a scroll of blinking for 97 gold pieces
  9133 | D:9      | Bought a scroll of identify for 26 gold pieces
  9133 | D:9      | Bought a scroll of identify for 26 gold pieces
  9713 | D:10     | Entered Level 10 of the Dungeon
  9870 | D:10     | Reached ***** piety under Qazlal
  9894 | D:10     | Found a staircase to the Lair.
 10141 | D:10     | Found the +2 ratskin cloak {*Rats rPois rN+ Str-1 Int-1
                  | Dex+1}
 10424 | D:11     | Noticed Fannar
 10448 | D:11     | Killed Fannar
 10449 | D:11     | Reached skill level 10 in Invocations
 10449 | D:11     | Reached XP level 11. HP: 59/87 MP: 14/18
 10580 | D:11     | Reached skill level 5 in Dodging
 10636 | D:11     | Noticed Sonja
 10637 | D:11     | Killed Sonja
 10713 | D:11     | Found a staircase to the Orcish Mines.
 10989 | D:11     | Noticed a two-headed ogre
 10998 | D:11     | Killed a two-headed ogre
 11244 | D:12     | Noticed an eight-headed hydra
 11250 | D:12     | Killed an eight-headed hydra
 11254 | D:12     | Found a frozen archway.
 11299 | IceCv    | Entered an ice cave
 11351 | IceCv    | Noticed a death yak
 11351 | IceCv    | Noticed a death yak
 11352 | IceCv    | Noticed a death yak
 11378 | IceCv    | Killed a death yak
 11379 | IceCv    | Reached skill level 11 in Invocations
 11382 | IceCv    | Killed a death yak
 11388 | IceCv    | Killed a death yak
 11736 | IceCv    | Gained mutation: You have a tail ending in a sharp stinger.
                  | [demonic ancestry]
 11736 | IceCv    | Reached XP level 12. HP: 96/96 MP: 20/20
 11998 | IceCv    | Noticed an ironbound frostheart
 11998 | IceCv    | Noticed an ironbound frostheart
 11998 | IceCv    | Noticed a death yak
 11999 | IceCv    | Killed a death yak
 11999 | IceCv    | Killed an ironbound frostheart
 12000 | IceCv    | Reached skill level 12 in Invocations
 12012 | IceCv    | Killed an ironbound frostheart
 12013 | IceCv    | Reached skill level 10 in Fighting
 13212 | D:13     | Noticed a five-headed hydra
 13311 | Lair:1   | Entered Level 1 of the Lair of Beasts
 13477 | Lair:1   | Reached XP level 13. HP: 87/104 MP: 19/22
 13599 | Lair:1   | Reached skill level 13 in Invocations
 14144 | Lair:2   | Found a staircase to the Snake Pit.
 15137 | Lair:3   | Identified the +4 chain mail of Liberalism {+Blink rCorr
                  | MP+9 Str+2 Int-4}
 15786 | Lair:3   | Found a staircase to the Swamp.
 17231 | Lair:5   | Reached skill level 14 in Invocations
 17417 | Lair:5   | Found a staircase to the Slime Pits.
 17664 | Lair:5   | Gained mutation: You have a sharp stinger which inflicts
                  | weakening toxins. [demonic ancestry]
 17664 | Lair:5   | Reached XP level 14. HP: 92/114 MP: 24/24
 18269 | Lair:6   | Entered Level 6 of the Lair of Beasts
 18291 | Lair:6   | Reached skill level 10 in Unarmed Combat
 18311 | Lair:6   | Identified a scroll of acquirement
 18386 | Lair:6   | Acquired the amulet "Haof" {Reflect Dex+6 Slay+4 SH+5 SInv}
 18709 | Lair:6   | Reached skill level 15 in Invocations
 19701 | Lair:6   | Identified the amulet "Limopn" {Faith rF++ Regen+ rCorr
                  | Dex-2}
 20507 | Lair:6   | Reached XP level 15. HP: 75/122 MP: 26/26
 22572 | Orc:1    | Entered Level 1 of the Orcish Mines
 22773 | Orc:2    | Entered Level 2 of the Orcish Mines
 22775 | Orc:2    | Found a staircase to the Elven Halls.
 23069 | Orc:2    | Reached skill level 16 in Invocations
 23448 | Orc:2    | Noticed Rupert
 23555 | Orc:2    | Killed Rupert
 23913 | Orc:2    | Found Kikeifes's Antique Weapon Shop.
 24142 | Orc:2    | Found Feops's Armour Emporium.
 24142 | Orc:2    | Found Areunah's General Store.
 24152 | Orc:2    | Found Ameiz's Assorted Antiques.
 24156 | Orc:2    | Found Pinatt's Assorted Antiques.
 24160 | Orc:2    | Bought a granite ring for 140 gold pieces
 24160 | Orc:2    | Bought a scroll of enchant armour for 210 gold pieces
 24161 | Orc:2    | Bought a scroll of identify for 66 gold pieces
 25012 | D:13     | Identified the +9 mace "Jutequit" {drain, Will+}
 25270 | D:13     | Found a snail-covered altar of Cheibriados.
 26403 | D:14     | Found an opulent altar of Gozag.
 26556 | D:14     | Found a gate to the Vaults.
 27033 | D:14     | Found a blossoming altar of Fedhas.
 27343 | D:15     | Entered Level 15 of the Dungeon
 27344 | D:15     | Noticed Azrael
 28225 | D:14     | Killed Azrael
 28692 | D:15     | Found Erethiz's General Store.
 28700 | D:15     | Bought a scroll of identify for 36 gold pieces
 28700 | D:15     | Bought a scroll of brand weapon for 360 gold pieces
 28796 | D:15     | Gained mutation: Your touch may inflict irresistible damage
                  | on your foes. [demonic ancestry]
 28796 | D:15     | Reached XP level 16. HP: 131/131 MP: 28/28
 29888 | D:15     | Found a staircase to the Depths.
 30113 | Swamp:1  | Entered Level 1 of the Swamp
 30145 | Swamp:1  | Reached skill level 10 in Axes
 30232 | Swamp:1  | Reached skill level 10 in Shields
 30350 | Swamp:1  | Got Sif Muna's Volume of Mutagenic Contamination
 30487 | Swamp:1  | Identified the ring "Ogroruass" {Fire *Slow Int+8 Dex+5
                  | Slay-3}
 31193 | Depths:1 | Entered Level 1 of the Depths
 31714 | Depths:1 | Found a gateway to Hell.
 32064 | Depths:1 | Found a stormy altar of Qazlal.
 32631 | Depths:1 | Reached skill level 17 in Invocations
 33560 | Snake:1  | Entered Level 1 of the Snake Pit
 34508 | Snake:1  | Reached ****** piety under Qazlal
 34517 | Snake:1  | Gained mutation: You are mostly covered in sharp spines.
                  | [demonic ancestry]
 34517 | Snake:1  | Reached XP level 17. HP: 26/140 MP: 28/29
 35266 | Snake:1  | Found Xoyf's Book Shop.
 36476 | Swamp:3  | Reached skill level 10 in Armour
 37617 | D:9      | Killed diblex's ghost
 37817 | Swamp:4  | Entered Level 4 of the Swamp
 38071 | Swamp:4  | Noticed Kirke
 38088 | Swamp:4  | Killed Kirke
 38116 | Swamp:4  | Reached skill level 15 in Fighting
 38558 | Swamp:4  | Paralysed by a great orb of eyes for 3 turns
 38567 | Swamp:4  | Paralysed by a great orb of eyes for 2 turns
 39108 | Swamp:4  | Got a decaying rune of Zot
 39712 | Vaults:1 | Entered Level 1 of the Vaults
 39767 | Vaults:1 | Found a flickering gateway to a bazaar.
 39796 | Vaults:1 | Reached skill level 10 in Dodging
 39815 | Vaults:1 | Gained mutation: You have a pair of antennae on your head.
                  | [demonic ancestry]
 39815 | Vaults:1 | Reached XP level 18. HP: 40/149 MP: 17/30
 39816 | Bazaar   | Entered a bazaar
 39816 | Bazaar   | Found Fownai's Book Boutique.
 39816 | Bazaar   | Found Reyruyc's Antique Armour Boutique.
 40157 | Bazaar   | Found Fuatwug's General Store.
 40168 | Bazaar   | Found Gyptut's Magic Scroll Shop.
 40176 | Bazaar   | Found Urif's Antique Weapon Shop.
 40211 | Bazaar   | Bought a pitted chain mail for 370 gold pieces
 40211 | Bazaar   | Identified the +5 chain mail "Tukh" {rElec rF+ rCorr Dex+3}
                  | (You bought it in a shop in a bazaar)
 40232 | Bazaar   | Bought a potion of curing for 42 gold pieces
 40232 | Bazaar   | Bought a potion of magic for 112 gold pieces
 40243 | Bazaar   | Bought a scroll of enchant weapon for 67 gold pieces
 40243 | Bazaar   | Bought a scroll of fog for 18 gold pieces
 40243 | Bazaar   | Bought a scroll of enchant weapon for 67 gold pieces
 40243 | Bazaar   | Bought a scroll of enchant armour for 67 gold pieces
 40243 | Bazaar   | Bought 2 scrolls of teleportation for 54 gold pieces
 40243 | Bazaar   | Bought 2 scrolls of teleportation for 54 gold pieces
 40447 | Vaults:1 | Paralysed by a great orb of eyes for 5 turns
 41929 | Vaults:1 | Reached skill level 18 in Invocations
 42366 | Vaults:2 | Slain by a vault guard

Illustrated notes

Levels and vault maps discovered:
D:1:      kb_arrival_jail, layout_rooms
D:2:      layout_loops_ring, hellmonk_ecumenical_altar_blasted, basic_altar,
          uniq_robin
D:3:      cheibrodos_pilgrimage, layout_basic, lightli_temple_of_fire
D:4:      layout_cave_pools, yredelemnul_altar_generic,
          nicolae_tso_swordbearing_angel, serial_rivers,
          chequers_serial_rivers_room_b, chequers_serial_rivers_marsh,
          chequers_serial_rivers_micro_d, chequers_serial_rivers_micro_a,
          chequers_serial_rivers_marsh, uniq_duvessa
D:5:      layout_gridville, chequers_temple_overflow_statue_of_worship,
          minmay_temple_entry_purple_smoke, grunt_ministairs_9, uniq_grinder,
          uniq_menkaure, uniq_eustachio, uniq_ijyb
D:6:      layout_layer_cave, gup_sewer_entry_pipe, uniq_blork_the_orc
D:7:      layout_basic, nicolae_shop_firing_range, uniq_joseph, uniq_pikel,
          uniq_prince_ribbit1
D:8:      layout_basic, minmay_misc_feat_columns
D:9:      layout_gridville, serial_shops, nicolae_diamond_shop, shop_coins,
          shop_statue, nicolae_lakefront_shop, nicolae_shop_waterfront,
          gammafunk_ghost_hive, enter_bailey_1
D:10:     layout_roguey, due_lair_maze_entry_diamond
D:11:     layout_basic, hiddenorc1_lemuel, uniq_fannar, uniq_sonja
D:12:     layout_roguey, portal_ice_cave_entry_imps
D:13:     layout_roguey, cheibrodos_worm_habitat
D:14:     layout_basic, david_vaults_1, fedhas_altar_1, grunt_gozag_statues
D:15:     gammafunk_enter_depths_forms, layout_rooms, corexii_leaking_fountain,
          serial_shops, nicolae_shop_temple_entry_statues_fountains, uniq_azrael
Lair:1:   layout_regular_city, wad_woods_road_01, cheibrodos_lair_lostbears,
          serial_bayou_shore_b, lemuel_fruit_fields
Lair:2:   layout_gridlike, guppyfry_snake_entry_garden, minivault_24,
          minmay_stone_trees_small
Lair:3:   layout_cave_pods, nicolae_swamp_entry_splash_gauntlet,
          serial_bayou_lagoon_b
Lair:4:   layout_regular_city
Lair:5:   layout_cellular_growth, minmay_slime_entry_oklob_enclosed
Lair:6:   due_jungle_book, layout_misc_corridors, minmay_shattered_shrine,
          grunt_megastairs_5
Swamp:1:  layout_basic_swamp, nicolae_swamp_tree_designs, swamp_pool1
Swamp:2:  layout_falls_marsh, evilmike_swamp_ruin_rubble_1
Swamp:3:  layout_basic_swamp, evilmike_swamp_ruin_house_6, swamp_pool5
Swamp:4:  swamp_vile, layout_basic_swamp, uniq_kirke
Snake:1:  layout_basic, serial_shops, shop
Orc:1:    layout_diamond_mine
Orc:2:    st_orc_mages, layout_caves, serial_shops, shop, uniq_rupert
Vaults:1: v_rooms_1, v_misc_4, hangedman_vaults_cutoff, vaults_dpeg_diagonal,
          st_cells, nicolae_vaults_theta, v_misc_16, nicolae_vaults_asterisk,
          layout_vaults_omnigrid, serial_shops, bzr_in_the_mist
Vaults:2: v_rooms_3, nicolae_vaults_back_hallway, dpeg_vaults_monster_box,
          nicolae_vaults_little_squares_2, v_rooms_5, hangedman_vaults_impose,
          nicolae_vaults_c_with_doors, nicolae_vaults_diagonal_hallway_8,
          v_misc_5, layout_vaults_maze, serial_shops, nicolae_diamond_shop
Depths:1: layout_gridlike, lightli_too_deep, dk_noncrumbling_3,
          grunt_qazlal_sundering

Skill      XL: |  1  2  3  4  5  6  7  8  9 10 11 12 13 14 15 16 17 18 |
---------------+-------------------------------------------------------+-----
Axes           | 2 3 4 5 6 7 8 9 10 12 | 12.5
Invocations    | 1 2 3 4 6 8 10 11 12 14 15 16 17 18 | 18.0
Dodging        | 1 2 3 4 5 6 7 8 9 10 | 10.3
Shields        | 3 4 5 6 7 8 9 10 11 12 | 12.4
Armour         | 3 4 5 6 7 8 9 10 | 10.7
Fighting       | 4 5 6 7 8 9 10 11 12 13 14 15 | 15.9
Unarmed Combat | 2 3 4 6 7 8 9 10 11 12 13 | 13.0

Action                   |  1- 3 |  4- 6 |  7- 9 | 10-12 | 13-15 | 16-18 || total
-------------------------+-------+-------+-------+-------+-------+-------++-------
Melee: War axe           |    95 |    33 |       |   276 |   916 |  1036 ||  2356
       Tailslap          |     7 |    17 |    37 |    91 |   257 |   253 ||   662
       Spear             |       |   110 |   289 |   358 |    65 |       ||   822
       Unarmed           |       |       |     8 |       |       |       ||     8
       Trident           |       |       |       |     1 |       |       ||     1
       Mace              |       |       |       |       |     6 |    69 ||    75
Invok: Upheaval          |       |     1 |     2 |     3 |     2 |       ||     8
       Elemental Force   |       |       |       |     3 |     3 |       ||     6
       Disaster Area     |       |       |       |     2 |     5 |     5 ||    12
 Abil: Evoke Blink       |       |       |       |       |     2 |       ||     2
Evoke: Condenser vane    |       |       |       |       |     1 |       ||     1
  Use: Potion            |     1 |       |     2 |     1 |     4 |     6 ||    14
       Scroll            |       |     3 |       |    16 |    18 |     7 ||    44
 Stab: Paralysed         |       |       |       |     4 |     2 |       ||     6
       Petrified         |       |       |       |       |    23 |       ||    23
       Petrifying        |       |       |       |       |     3 |       ||     3
       Invisible         |       |       |       |       |    17 |       ||    17
       Confused          |       |       |       |       |       |     2 ||     2
Armor: Scale mail        |    63 |    11 |       |       |       |       ||    74
       Ring mail         |       |    36 |    64 |   139 |    26 |       ||   265
       Skin              |       |       |     3 |       |       |       ||     3
       Chain mail        |       |       |       |       |   253 |   324 ||   577
Dodge: Dodged            |    49 |    62 |   112 |   300 |   327 |   344 ||  1194
       Repelled          |       |       |       |     6 |     7 |    17 ||    30
Block: Buckler           |    28 |    45 |    88 |   363 |   522 |       ||  1046
       Tower shield      |       |       |       |       |   483 |  1814 ||  2297
       Reflection        |       |       |       |       |    16 |    75 ||    91
